 Dungeon Crawl Stone Soup version 0.30-a0-596-g0af90f9a20 (webtiles) character file.

Game seed: 5251391908257729450

10588 MudFish the Peltast (level 11, -2/153 HPs)
             Began as a Minotaur Fighter on Jan 2, 2023.
             Was a High Priest of Cheibriados.
             Slain by a sun demon (17 damage)
             ... summoned by a kobold demonologist
             ... on level 11 of the Dungeon on Jan 7, 2023.
             The game lasted 00:22:23 (10850 turns).

MudFish the Peltast (Minotaur Fighter)             Turns: 10850, Time: 00:22:24

Health: -2/153     AC: 13    Str: 39    XL:     11   Next: 38%
Magic:  12/12      EV: 16    Int: 22    God:    Cheibriados [*****.]
Gold:   569        SH: 10    Dex: 25    Spells: 10/10 levels left

rFire   . . .      SeeInvis .    x - +6 falchion "Sarruir" {flame, rC- Int+7 Dex+4}
rCold   x . .      Faith    .    c - +0 buckler
rNeg    + . .      Spirit   .    L - +0 acid dragon scales
rPois   .          Reflect  .    (helmet restricted)
rElec   .          Harm     .    I - +0 cloak
rCorr   +          Rampage  .    f - +0 pair of gloves
Will    .....                    (no boots) Stlth
                                 (no amulet)
HPRegen 0.45/turn                h - +5 ring of evasion
MPRegen 0.13/turn                i - ring of positive energy

@: berserking (expiring), studying Shields, very slow
A: horns 2, retaliatory headbutt, iridescent scales 1, robust 1, strong 1,
subdued magic 1
a: Renounce Religion, Bend Time, Temporal Distortion, Slouch, Step From Time


You were on level 11 of the Dungeon.
You worshipped Cheibriados.
Cheibriados was extremely pleased with you.
You visited 2 branches of the dungeon, and saw 12 of its levels.

You collected 569 gold pieces.

Inventory:

Hand Weapons
 a - a +1 long sword of draining
 u - a +2 spectral quarterstaff
 x - the +6 falchion "Sarruir" (weapon) {flame, rC- Int+7 Dex+4}
   (You found it on level 6 of the Dungeon)

   Int:       It affects your intelligence (+7).
   Dex:       It affects your dexterity (+4).
   rC:        It makes you vulnerable to cold.
 A - the +4 battleaxe "Xiubergh" {drain, rElec rC++ rCorr Dex-4}
   (You took it off a centaur on level 8 of the Dungeon)

   Dex:       It affects your dexterity (-4).
   rC:        It greatly protects you from cold.
   rElec:     It insulates you from electricity.
   rCorr:     It protects you from acid and corrosion.
Missiles
 E - a throwing net (quivered)
 F - 27 poisoned darts
Armour
 b - a +1 scale mail
 c - a +0 buckler (worn)
 f - a +0 pair of gloves (worn)
 o - a +0 chain mail
 w - a +0 troll leather armour
 B - +3 steam dragon scales
 I - a +0 cloak (worn)
 L - +0 acid dragon scales (worn)
Jewellery
 h - a +5 ring of evasion (left hand)
 i - a ring of positive energy (right hand)
 j - a ring of protection from cold
 v - a ring of fire
 G - a ring of positive energy
 H - a ring of resist corrosion
 K - a ring of ice
Wands
 m - a wand of flame (40)
 q - a wand of iceblast (5)
 r - a wand of charming (15)
Scrolls
 e - 2 scrolls of amnesia
 k - 6 scrolls of teleportation
 n - a scroll of brand weapon
 p - 3 scrolls of fear
 y - a scroll of enchant weapon
 D - a scroll of fog
Potions
 d - 2 potions of berserk rage
 g - 2 potions of invisibility
 l - 3 potions of mutation
 s - a potion of lignification
 t - 3 potions of ambrosia
 z - 2 potions of flight
 C - 3 potions of brilliance
 J - a potion of curing
 M - a potion of might


   Skills:
 + Level 7.7 Fighting
 * Level 12.1 Long Blades
 - Level 10.3 Armour
 - Level 16.3 Shields
 - Level 1.0 Unarmed Combat
 * Level 3.1 Invocations


You had 10 spell levels left.
You didn't know any spells.
Your spell library contained the following spells:

 Spells                   Type           Power      Damage    Failure   Level
 Apportation              Tloc           0%         N/A       19%         1
 Necrotise                Necr           0%         1d4       19%         1
 Summon Small Mammal      Summ           0%         N/A       19%         1
 Sublimation of Blood     Necr           0%         N/A       28%         2
 Wereblood                Tmut           0%         N/A       28%         2
 Gell's Gravitas          Tloc           0%         N/A       50%         3
 Lesser Beckoning         Tloc           0%         N/A       50%         3
 Teleport Other           Tloc           0%         N/A       50%         3
 Olgreb's Toxic Radiance  Pois           0%         N/A       89%         4
 Passage of Golubria      Tloc           0%         N/A       89%         4
 Silence                  Hex/Air        0%         N/A       99%         5
 Ozocubu's Refrigeration  Ice            0%         4d7       100%        7
 Summon Hydra             Summ           0%         N/A       100%        7
 Ignition                 Fire           0%         3d3       100%        8
 Lehudib's Crystal Spear  Conj/Erth      0%         10d2      100%        8


Dungeon Overview and Level Annotations

Branches:
Dungeon (11/15)            Temple (1/1) D:4            Lair (0/5) D:10
    Orc (0/2) D:10

Altars:
Ashenzari
Cheibriados
Dithmenos
Elyvilon
Fedhas
Gozag
Hepliaklqana
Kikubaaqudgha
Makhleb
Nemelex Xobeh
Okawaru
Qazlal
Ru
Sif Muna
Trog
Uskayaw
Vehumet
Wu Jian
Xom
Yredelemnul
Zin
The Shining One

Shops:
D:2 *

Annotations:
D:10 2 runed translucent doors, experimilk's ghost, journeyman DrCj


Innate Abilities, Weirdness & Mutations

You have a pair of horns on your head.
You reflexively headbutt those who attack you in melee.
You are partially covered in iridescent scales. (AC +2)
You are robust. (+10% HP)
Your muscles are strong. (Str +4, Int/Dex -1)
Your spells are a little easier to cast, but a little less powerful.


Message History

The kobold demonologist misses you. You block the kobold's attack.
The kobold misses you.
The kobold demonologist hits you but does no damage.
The boulder beetle curls into a ball and begins rolling!
The ice devil hits you but does no damage.
The sun demon closely misses you.
You slash the kobold demonologist! You burn the kobold demonologist.
You kill the kobold demonologist!
Cheibriados appreciates the change of pace.
The iron imp disappears in a puff of smoke! x2
The ice devil disappears in a puff of smoke!
The kobold demonologist barely misses you.
You block the kobold's attack. The kobold barely misses you.
You furiously retaliate!
You headbutt the kobold!!
You kill the kobold!
Cheibriados appreciates the change of pace.
The ice devil barely misses you. You block the sun demon's attack.
Your Invocations skill increases to level 3!
The kobold demonologist closely misses you.
You block the kobold's attack.
The sun demon hits you but does no damage.
The kobold completely misses you.
The kobold demonologist hits you but does no damage.
Items here: ( ))) [[ †.
You hit the kobold. You burn the kobold.
You kill the kobold!
Cheibriados appreciates the change of pace.
The ice devil completely misses you. You furiously retaliate!
You headbutt the ice devil! The boulder beetle closely misses you.
The boulder beetle stops rolling and uncurls.
The sun demon hits you!
* * * LOW HITPOINT WARNING * * *
You are engulfed in flames!
* * * LOW HITPOINT WARNING * * *
The kobold demonologist attacks as you move away!
The kobold demonologist hits you with a +0 dagger.
* * * LOW HITPOINT WARNING * * *
The kobold demonologist mumbles some strange words.
The sun demon hits you!
You die...

.. ....# .... ....#
.....#########....#
..................#
...................
...................
..........)K....?..
..........34B......
......^...3@.......
########.............
#..............#....#
#..............#.....
#..............# ....
#..............# ...
#......######### ...
#..)...........######
#...................#


You could see a boulder beetle, a sun demon (summoned), an ice devil (summoned),
a kobold demonologist and a ynoxinul (summoned).

Vanquished Creatures
  Fannar (D:10)
  A boulder beetle (D:11)
  A cyclops (D:11)
  Maurice (D:8)
  Joseph (D:10)
  Maggie (D:6)
  3 kobold demonologists
  A troll (D:10)
  A queen bee (D:9)
  A shadow (D:9)
  13 yaks
  A vampire (D:9)
  A wraith (D:10)
  A steam dragon (D:8)
  An acid dragon (D:11)
  3 wargs (D:10)
  An orc warrior (D:7)
  4 black bears
  4 centaurs
  5 kobold brigands
  3 bullfrogs
  4 scorpions
  2 gnoll sergeants (D:6)
  A necrophage (D:8)
  3 wights (D:6)
  27 killer bees
  3 howler monkeys
  2 hounds
  6 orc priests
  Jessica (D:3)
  3 iguanas
  6 orc wizards
  7 gnolls (D:6)
  7 adders
  2 shadow imps
  2 white imps
  2 ufetubi
  2 worms
  17 orcs
  9 bats
  7 endoplasms
  4 giant cockroaches
  2 goblins
  4 hobgoblins
  5 jackals
  6 quokkas
  3 ball pythons (D:1)
  6 frilled lizards
  23 kobolds
  6 rats
221 creatures vanquished.

Vanquished Creatures (others)
  A plant (D:10)
1 creature vanquished.

Grand Total: 222 creatures vanquished

Notes
Turn   | Place    | Note
-------+----------+-------------------------------------------
     0 | D:1      | MudFish the Minotaur Fighter began the quest for the Orb.
     0 | D:1      | Reached XP level 1. HP: 19/19 MP: 0/0
   229 | D:1      | Reached skill level 4 in Shields
   310 | D:1      | Reached XP level 2. HP: 27/27 MP: 1/1
   873 | D:1      | Gained mutation: Your spells are a little easier to cast,
                  | but a little less powerful. [potion of mutation]
   873 | D:1      | Gained mutation: Your muscles are strong. (Str +4, Int/Dex
                  | -1) [potion of mutation]
   873 | D:1      | Gained mutation: You are robust. (+10% HP) [potion of
                  | mutation]
   873 | D:1      | Gained mutation: You are partially covered in iridescent
                  | scales. (AC +2) [potion of mutation]
   907 | D:2      | Found Kysh's General Store.
   992 | D:2      | Reached XP level 3. HP: 36/36 MP: 2/2
  1151 | D:2      | Found a faded altar of an unknown god.
  1445 | D:3      | Reached XP level 4. HP: 44/44 MP: 3/3
  1483 | D:3      | Found a basalt altar of Yredelemnul.
  1562 | D:3      | Noticed Jessica
  1568 | D:3      | Killed Jessica
  1591 | D:3      | Found a sparkling altar of Nemelex Xobeh.
  1592 | D:3      | Found an ancient bone altar of Kikubaaqudgha.
  1649 | D:3      | Reached skill level 5 in Shields
  1649 | D:3      | Reached skill level 1 in Unarmed Combat
  2050 | D:4      | Reached XP level 5. HP: 50/50 MP: 4/4
  2245 | D:4      | You fall into a shaft and drop 1 floor!
  2245 | D:5      | Entered Level 5 of the Dungeon
  2352 | D:4      | Found a staircase to the Ecumenical Temple.
  2363 | Temple   | Entered the Ecumenical Temple
  2828 | Temple   | Became a worshipper of Cheibriados the Contemplative
  2959 | D:4      | Reached skill level 5 in Long Blades
  3055 | D:4      | Reached skill level 6 in Shields
  3055 | D:4      | Reached XP level 6. HP: 39/58 MP: 5/5
  4046 | D:5      | Reached XP level 7. HP: 66/66 MP: 6/6
  4340 | D:5      | Reached skill level 5 in Armour
  4340 | D:5      | Reached skill level 7 in Shields
  4731 | D:6      | Identified the +6 falchion "Sarruir" {flame, rC- Int+7
                  | Dex+4}
  4843 | D:6      | Reached * piety under Cheibriados
  4851 | D:6      | Reached XP level 8. HP: 55/73 MP: 7/7
  4945 | D:6      | Noticed Maggie
  4963 | D:6      | Killed Maggie
  4964 | D:6      | Reached skill level 8 in Shields
  5276 | D:6      | Found a stormy altar of Qazlal.
  5995 | D:7      | Reached skill level 9 in Shields
  6734 | D:8      | Reached skill level 10 in Shields
  6734 | D:8      | Reached XP level 9. HP: 65/79 MP: 8/8
  6836 | D:8      | Reached skill level 11 in Shields
  6895 | D:8      | Identified the +4 battleaxe "Xiubergh" {drain, rElec rC++
                  | rCorr Dex-4}
  6929 | D:8      | Reached ** piety under Cheibriados
  6934 | D:8      | Noticed Maurice
  6941 | D:8      | Killed Maurice
  6942 | D:8      | Reached skill level 12 in Shields
  7131 | D:8      | Reached skill level 10 in Armour
  7930 | D:9      | Reached skill level 13 in Shields
  7934 | D:9      | Reached XP level 10. HP: 56/88 MP: 9/9
  7937 | D:9      | Reached skill level 5 in Fighting
  8461 | D:9      | Reached *** piety under Cheibriados
  8472 | D:9      | Reached skill level 14 in Shields
  8632 | D:9      | Reached skill level 10 in Long Blades
  8752 | D:9      | Reached **** piety under Cheibriados
  8802 | D:9      | Reached skill level 15 in Shields
  9348 | D:10     | Entered Level 10 of the Dungeon
  9351 | D:10     | Found a runed translucent door.
  9379 | D:10     | Found a runed translucent door.
  9382 | D:10     | Noticed a deep elf knight
  9383 | D:10     | Noticed a yaktaur captain
  9383 | D:10     | Noticed a skeletal warrior
  9385 | D:10     | Noticed a necromancer
  9385 | D:10     | Noticed a red ugly thing
  9386 | D:10     | Noticed a lich
  9386 | D:10     | Noticed a skeletal warrior
  9387 | D:10     | Noticed experimilk's ghost (journeyman DrCj)
  9453 | D:10     | Noticed Joseph
  9468 | D:10     | Killed Joseph
  9688 | D:10     | Noticed Fannar
  9698 | D:10     | Killed Fannar
  9712 | D:10     | Reached skill level 16 in Shields
  9712 | D:10     | Reached XP level 11. HP: 93/100 MP: 10/10
  9726 | D:10     | Found a staircase to the Lair.
  9897 | D:10     | Reached skill level 1 in Invocations
  9907 | D:10     | Found a staircase to the Orcish Mines.
 10097 | D:10     | Reached ***** piety under Cheibriados
 10226 | D:10     | Identified the +3 plate armour "Upuostum" {Str+7 Int-3}
 10383 | D:10     | Upgraded the game from 0.30-a0-585-g93115170b9 to
                  | 0.30-a0-596-g0af90f9a20
 10533 | D:11     | Noticed a boulder beetle
 10559 | D:11     | Killed a boulder beetle
 10838 | D:11     | Noticed a boulder beetle
 10844 | D:11     | Noticed a sun demon
 10850 | D:11     | Slain by a sun demon

Illustrated notes

Levels and vault maps discovered:
D:1:      noname_arrival_rooms_in_the_neighbourhood, layout_basic,
          supply_closet_lemuel, minmay_pentomino_p4
D:2:      layout_basic, serial_shops, shop,
          shapermc_ecumenical_altar_mp_vishouse
D:3:      layout_rooms, lemuel_crystal_altar, mainiacjoe_overflow_divided_tiny,
          due_unseen_surprise, uniq_jessica
D:4:      layout_layer_cave, temple_hall, enter_ossuary_2
D:5:      layout_basic
D:6:      layout_loops_ring, mainiacjoe_overflow_small_starburst, uniq_maggie
D:7:      layout_loops_ring
D:8:      layout_loops_corners, uniq_maurice
D:9:      layout_gridville, minivault_7
D:10:     layout_loops_ring, erik_lair_orcish_takeover, orc_0_dummy,
          muffindrake_ghost_dual_entry, uniq_joseph, uniq_fannar
D:11:     layout_grid_maze
Temple:   hc_temple_tempest_star

Skill      XL: |  1  2  3  4  5  6  7  8  9 10 11 |
---------------+----------------------------------+-----
Shields        | 4 5 6 7 10 13 16 | 16.3
Fighting       | 4 6 7 |  7.7
Long Blades    | 3 4 5 6 7 8 11 12 | 12.1
Unarmed Combat | 1 |  1.0
Armour         | 4 6 8 10 | 10.3
Invocations    | 3 |  3.1

Action                   |  1- 3 |  4- 6 |  7- 9 | 10-12 || total
-------------------------+-------+-------+-------+-------++-------
Melee: Long sword        |    89 |    79 |    17 |       ||   185
       Headbutt          |     8 |    14 |    29 |    54 ||   105
       Falchion          |       |       |   163 |   236 ||   399
  Use: Potion            |     3 |     1 |     8 |     8 ||    20
       Scroll            |       |     7 |     6 |     5 ||    18
 Stab: Invisible         |       |       |       |     4 ||     4
Armor: Scale mail        |    48 |     8 |       |       ||    56
       Chain mail        |       |    27 |    30 |       ||    57
       Steam dragon scal |       |       |    13 |    66 ||    79
       Acid dragon scale |       |       |       |     8 ||     8
Dodge: Dodged            |    63 |    76 |   104 |   200 ||   443
Block: Buckler           |    17 |    22 |    69 |   104 ||   212

Table legend: (Time is in decaauts)
 A = Elapsed time spent in this place.
 B = Non-inter-level travel time spent in this place.
 C = Inter-level travel time spent in this place.
 D = Time resting spent in this place.
 E = Time spent auto-exploring this place.
 F = Levels seen in this place.
 G = Mean time per level.
                   A        B        C        D        E       F      G
               +--------+--------+--------+--------+--------+-----+--------+
         Total |  13337 |  12962 |    375 |   1163 |   9953 |  12 | 1111.4 |
       Dungeon |  12849 |  12493 |    356 |   1163 |   9569 |  11 | 1168.1 |
        Temple |    487 |    469 |     18 |      0 |    384 |   1 |  487.0 |
               +--------+--------+--------+--------+--------+-----+--------+

Top non-repeatable levels by time:
     D:9: 1942 daAuts
    D:10: 1696 daAuts
     D:4: 1601 daAuts
     D:8: 1548 daAuts
     D:6: 1477 daAuts
     D:5: 1289 daAuts
     D:1: 890 daAuts
     D:7: 865 daAuts
    D:11: 569 daAuts
     D:3: 505 daAuts
  Temple: 487 daAuts
     D:2: 463 daAuts
